 Dungeon Crawl Stone Soup version 0.31-a0-7-g51783674b7 (webtiles) character file.

Game seed: 15389519274138534405

3655 jasper the Cruncher (level 10, -1/67 (69) HPs)
             Began as a Human Gladiator on May 5, 2023.
             Was an Initiate of Gozag.
             Slain by a wight
             ... wielding a +0 halberd
              (9 damage)
             ... on level 8 of the Dungeon.
             The game lasted 00:13:50 (7458 turns).

jasper the Cruncher (Human Gladiator)               Turns: 7458, Time: 00:13:51

HP:   -1/67 (69)    AC: 11    Str: 25    XL:     10   Next: 34%
MP:   0/10          EV: 10    Int: 11    God:    Gozag
Gold: 924           SH:  0    Dex: 15    Spells: 9/9 levels left

rFire   . . .        a - +1 quarterstaff
rCold   . . .        (shield currently unavailable)
rNeg    + + .        g - +0 chain mail
rPois   +            c - +0 helmet
rElec   .            u - +1 cloak {Will+}
rCorr   .            (no gloves)
SInv    .            (no boots)
Will    +....        n - amulet of guardian spirit Stlth
                     f - ring "Dosoyro" {*Slow rPois rN++ Str+6 Int+3}
HPRegen 0.31/turn    (no ring)
MPRegen 0.12/turn

%: slow self (1%), guardian spirit
@: mighty, gold aura, lightly drained
A: no striking features
a: Renounce Religion, Potion Petition, Call Merchant, Bribe Branch


You were on level 8 of the Dungeon.
You worshipped Gozag.
Gozag was pleased with you.
You visited 2 branches of the dungeon, and saw 9 of its levels.
You also visited: Sewer.

You collected 1199 gold pieces.
You spent 231 gold pieces at shops.
You paid 44 gold pieces to Gozag.

Inventory:

Hand Weapons
 a - a +1 quarterstaff (weapon)
 j - a +0 sling
 o - a +0 sling
Missiles
 d - 2 throwing nets (quivered)
 e - a javelin
 i - 67 stones
Armour
 b - a +0 leather armour
 c - a +0 helmet (worn)
 g - a +0 chain mail (worn)
 r - a +0 scale mail
 s - a +0 cloak
 u - a +1 cloak of willpower (worn)
 H - the +2 scale mail of the Bulwark {rF+ rC- Regen+ Stlth+}
   (You found it on level 6 of the Dungeon)

   rF:        It protects you from fire.
   rC:        It makes you vulnerable to cold.
   Regen:     It increases your rate of health regeneration.
   Stlth:     It makes you more stealthy.
Magical Staves
 l - a staff of conjuration
Jewellery
 f - the ring "Dosoyro" (left hand) {*Slow rPois rN++ Str+6 Int+3}
   (You acquired it on level 3 of the Dungeon)

   [ring of strength]

   Str:       It affects your strength (+6).
   Int:       It affects your intelligence (+3).
   rPois:     It protects you from poison.
   rN:        It greatly protects you from negative energy.
   *Slow:     It may slow you when you take damage.
 n - an amulet of guardian spirit (around neck)
 A - the amulet of Dyt Syhaehor {RegenMP rElec}
   (You bought it in a shop on level 7 of the Dungeon)

   [amulet of magic regeneration]

   It increases your rate of magic regeneration.
   rElec:     It insulates you from electricity.
 F - an amulet of the acrobat
 L - a +6 ring of intelligence
Wands
 v - a wand of iceblast (4)
 I - a wand of charming (17)
Scrolls
 m - 3 scrolls of amnesia
 q - 2 scrolls of enchant weapon
 t - a scroll of immolation
 y - a scroll of enchant armour
 B - a scroll of magic mapping
 C - 2 scrolls of vulnerability
 G - a scroll of teleportation
 J - a scroll of blinking
Potions
 h - 9 potions of curing
 k - 3 potions of brilliance
 p - a potion of degeneration
 w - a potion of resistance
 z - 2 potions of haste
 D - a potion of magic {unknown}
 E - a potion of heal wounds


   Skills:
 * Level 2.8 Fighting
 - Level 14.0 Staves
 - Level 2.0 Throwing
 + Level 1.1 Armour
 + Level 3.3 Dodging
 + Level 1.1 Evocations


You had 9 spell levels left.
You didn't know any spells.
Your spell library contained the following spells:

 Spells                   Type           Power      Damage    Failure   Level
 Sublimation of Blood     Necr           0%         N/A       97%         2
 Wereblood                Tmut           0%         N/A       97%         2
 Summon Hydra             Summ           0%         N/A       100%        7


Dungeon Overview and Level Annotations

Branches:
Dungeon (8/15)             Temple (1/1) D:4           Sewer (visited)
   Lair: D:8-11

Altars:
Ashenzari
Cheibriados
Dithmenos
Elyvilon
Fedhas
Gozag
Hepliaklqana
Makhleb
Nemelex Xobeh
Okawaru
Qazlal
Trog
Vehumet
Xom
The Shining One

Shops:
D:1 ?   D:7 *


Message History

You destroy the wight!
The wight barely misses you.
The wight zaps a wand.
The puff of flame hits you. The wight barely misses you.
Things that are here:
4 gold pieces; a +0 battleaxe; a +0 robe You take 4 damage, and have 25/63 hp.
You now have 6/10 mp.
The wight attacks as you move away!
The wight hits you with a +0 long sword of electrocution!
* * * LOW HITPOINT WARNING * * *
You take 7 damage, and have 18/63 hp.
You now have 5/10 mp.
You barely miss the wight. You barely miss the wight.
You closely miss the wight. You sock the wight!
The wight is severely damaged.
The wight closely misses you.
You barely miss the wight.
The wight is severely damaged.
You thump the wight!
You destroy the wight!
The wight is distracted by your dazzling golden aura.
Your Armour skill increases to level 1!
Your Evocations skill increases to level 1!
You sock the wight!
The wight is heavily damaged.
The wight is no longer distracted by gold.
The wight barely misses you. The wight misses you.
You sock the wight!
You destroy the wight!
The wight closely misses you.
The wight hits you with a +0 long sword of electrocution.
You partially resist.
You are electrocuted!
* * * LOW HITPOINT WARNING * * *
Items here: $ ))) / = [[[.
You take 12 damage, and have 8/67 hp.
You now have 1/10 mp.
You hit the wight.
The wight is moderately damaged.
The wight hits you with a +0 halberd!
You die...
Your body crumbles into a pile of gold.

##...## #.######
##.....### ###......###.
##........###............
....................##
#..........#.....)).##
#...##/..#......))).##
#..##..#.......).)..#
#..$z#..............
.......#z@#....#.#........
....##..##..##...##.......
.. #.. #..##.####.<.....
.:.# .#....# #....... ...#
.. #...# #.....## ....#
.##..#..# ......# ...# ..
.. #..........# ..# ..
#.........# .. ########.#


You could see 2 wights.

Vanquished Creatures
  A wraith (D:7)
  Eustachio (D:6)
  Menkaure (D:6)
  2 water moccasins
  2 ice beasts (D:6)
  An orc warrior (D:8)
  5 ogres
  A sky beast (D:7)
  A black bear (D:6)
  2 centaurs
  A kobold brigand (D:8)
  4 bullfrogs
  2 scorpions
  9 wights
  3 killer bees (D:7)
  A howler monkey (D:4)
  5 hounds
  A jelly (D:5)
  3 orc priests
  9 orc wizards
  Ijyb (D:3)
  2 iguanas
  A sleepcap (D:5)
  13 adders
  6 river rats
  A white imp (D:6)
  2 worms
  A dart slug (D:2)
  25 orcs
  12 ball pythons
  8 endoplasms
  5 giant cockroaches
  14 goblins
  7 hobgoblins
  9 jackals
  5 quokkas
  2 bats
  5 frilled lizards (Sewer)
  11 kobolds
  12 rats
197 creatures vanquished.

Notes
Turn   | Place    | Note
-------+----------+-------------------------------------------
     0 | D:1      | jasper the Human Gladiator began the quest for the Orb.
     0 | D:1      | Reached XP level 1. HP: 16/16 MP: 1/1
    73 | D:1      | Found Gaasexz Leesh's Magic Scroll Shoppe.
   144 | D:1      | Reached XP level 2. HP: 22/22 MP: 2/2
   310 | D:1      | Reached skill level 4 in Staves
   310 | D:1      | Reached XP level 3. HP: 27/27 MP: 3/3
   761 | D:2      | Reached XP level 4. HP: 29/33 MP: 4/4
   807 | D:2      | Found a faded altar of an unknown god.
  1295 | D:3      | Reached skill level 5 in Staves
  1339 | D:3      | Reached XP level 5. HP: 34/38 MP: 3/5
  1608 | D:3      | Reached skill level 6 in Staves
  1608 | D:3      | Reached XP level 6. HP: 43/44 MP: 6/6
  1811 | D:3      | Noticed Ijyb
  1823 | D:3      | Killed Ijyb
  2120 | D:3      | Identified a scroll of acquirement
  2120 | D:3      | Acquired the ring "Dosoyro" {*Slow rPois rN++ Str+6 Int+3}
  2203 | D:4      | Found a staircase to the Ecumenical Temple.
  2212 | Temple   | Entered the Ecumenical Temple
  2215 | Temple   | Became a worshipper of Gozag Ym Sagoz the Greedy
  2224 | D:4      | Reached skill level 7 in Staves
  2435 | D:4      | Found a hazy altar of Hepliaklqana.
  2461 | D:4      | Found a white marble altar of Elyvilon.
  2487 | D:4      | Reached XP level 7. HP: 50/50 MP: 7/7
  2733 | D:4      | Found a glowing drain.
  2783 | Sewer    | Entered a sewer
  3058 | Sewer    | Reached skill level 8 in Staves
  3294 | D:5      | Entered Level 5 of the Dungeon
  3846 | D:5      | Reached XP level 8. HP: 56/56 MP: 8/8
  3897 | D:5      | Reached skill level 9 in Staves
  4330 | D:6      | Identified the +2 scale mail of the Bulwark {rF+ rC- Regen+
                  | Stlth+}
  4411 | D:6      | Noticed Menkaure
  4415 | D:6      | Killed Menkaure
  4713 | D:6      | Reached skill level 10 in Staves
  4760 | D:6      | Found a blossoming altar of Fedhas.
  5236 | D:6      | Reached XP level 9. HP: 61/61 MP: 9/9
  5248 | D:6      | Reached skill level 11 in Staves
  5309 | D:6      | Noticed Eustachio
  5334 | D:6      | Killed Eustachio
  5713 | D:6      | Reached skill level 12 in Staves
  6020 | D:7      | Found Wameuqyu's Assorted Antiques.
  6023 | D:7      | Bought a warped crystal amulet for 105 gold pieces
  6023 | D:7      | Identified the amulet of Dyt Syhaehor {RegenMP rElec} (You
                  | bought it in a shop on level 7 of the Dungeon)
  6023 | D:7      | Bought a potion of curing for 63 gold pieces
  6023 | D:7      | Bought a potion of curing for 63 gold pieces
  6289 | D:7      | Reached skill level 13 in Staves
  6573 | D:7      | Reached XP level 10. HP: 67/67 MP: 10/10
  7294 | D:8      | Reached skill level 14 in Staves
  7455 | D:8      | Reached skill level 1 in Armour
  7455 | D:8      | Reached skill level 1 in Evocations
  7458 | D:8      | Slain by a wight

Illustrated notes

Levels and vault maps discovered:
D:1:      nicolae_arrival_washed_ashore, layout_rooms, serial_shops,
          nicolae_diamond_shop, minmay_small_reverse_x
D:2:      layout_rooms, shapermc_ecumenical_altar_petra, minmay_tetromino_o2
D:3:      kennysheep_the_goblin_king, layout_rooms
D:4:      layout_loops_ring, mainiacjoe_overflow_catwalk_spiral,
          minmay_temple_entry_grid, portal_sewer_entry_b,
          kennysheep_pointless_box
D:5:      layout_loops_corners
D:6:      layout_gridville, fedhas_bush_and_centaur_altar, uniq_menkaure,
          uniq_eustachio
D:7:      layout_loops_ring, serial_shops, nicolae_stop_n_shop_2,
          minmay_fractal_squares_diagonal_5
D:8:      layout_layer_cave, nicolae_overflow_crystal_walls, enter_bailey_2,
          minivault_26, uniq_psyche, uniq_grum
Temple:   dpeg_three_leaves_temple

Skill      XL: |  1  2  3  4  5  6  7  8  9 10 |
---------------+-------------------------------+-----
Staves         | 4 5 6 7 8 10 13 14 | 14.0
Armour         | 1 |  1.1
Evocations     | 1 |  1.1
Fighting       | |  2.8
Throwing       | |  2.0
Dodging        | |  3.3

Action                     |  1- 3 |  4- 6 |  7- 9 | 10-12 || total
---------------------------+-------+-------+-------+-------++-------
  Melee: Quarterstaff      |    81 |   209 |   332 |   130 ||   752
  Throw: Throwing net      |       |       |       |     1 ||     1
  Evoke: Wand              |       |       |     4 |       ||     4
    Use: Scroll            |     6 |     8 |     5 |     4 ||    23
         Potion            |       |     1 |       |     2 ||     3
   Stab: Distracted        |       |       |     1 |       ||     1
 Armour: Chain mail        |    54 |    71 |   157 |    40 ||   322
         Scale mail        |       |    23 |       |       ||    23
  Dodge: Dodged            |    29 |    83 |   127 |    42 ||   281

Table legend: (Time is in decaauts)
 A = Elapsed time spent in this place.
 B = Non-inter-level travel time spent in this place.
 C = Inter-level travel time spent in this place.
 D = Time resting spent in this place.
 E = Time spent auto-exploring this place.
 F = Levels seen in this place.
 G = Mean time per level.
                   A        B        C        D        E       F      G
               +--------+--------+--------+--------+--------+-----+--------+
         Total |   7391 |   7157 |    234 |    460 |   4923 |  10 |  739.1 |
       Dungeon |   6922 |   6688 |    234 |    460 |   4665 |   8 |  865.2 |
        Temple |      6 |      6 |      0 |      0 |      0 |   1 |    6.0 |
         Sewer |    461 |    461 |      0 |      0 |    257 |   1 |  461.0 |
               +--------+--------+--------+--------+--------+-----+--------+

Top non-repeatable levels by time:
     D:6: 1720 daAuts
     D:7: 1181 daAuts
     D:5: 972 daAuts
     D:3: 868 daAuts
     D:4: 714 daAuts
     D:1: 691 daAuts
     D:2: 589 daAuts
   Sewer: 461 daAuts
     D:8: 185 daAuts
  Temple: 6 daAuts
